PINL
FARGO BREWMASTERS @ BOZEMAN PHEASANTS
07/03/1982
 
TOP OF THE 1ST
Fargo Brewmasters batting - Pitching for Bozeman Pheasants : RHP Jim Gott
Pitching: RHP Jim Gott
Batting: SHB Angel Escobar 0-0: Ball
1-0: Ball
2-0: Called Strike
2-1: Foul Ball, location: 2F
2-2: Strikes out swinging, 2-3 out at first.
Batting: LHB Victor Fernandez 0-0: Fly out, F9 (Flyball, 9D, EV 89.4 MPH)
Batting: RHB Forace Oxendine 0-0: Ball
1-0: Ball
2-0: Ball
3-0: Called Strike
3-1: SINGLE (Groundball, 23, EV 85.6 MPH) (infield hit)
Batting: RHB Dick E Scott 0-0: Foul Ball, location: 2F
0-1: Foul Ball, location: 2F
0-2: Foul Ball, location: 2F
0-2: Ball
1-2: Strikes out swinging
Top of the 1st over - 0 runs, 1 hit, 0 errors, 1 left on base; Fargo 0 - Bozeman 0
BOTTOM OF THE 1ST
Bozeman Pheasants batting - Pitching for Fargo Brewmasters : RHP Carlos Zuniga
Pitching: RHP Carlos Zuniga
Batting: RHB Willie Picchioni 0-0: Called Strike
0-1: Ball
1-1: Called Strike
1-2: Ball
2-2: Ball
3-2: Base on Balls
Batting: LHB Billy Fink 0-0: Ball
Passed Ball!
Willie Picchioni to second
1-0: Ball
2-0: Foul Ball, location: 2F
2-1: Called Strike
2-2: Ball
3-2: Fly out, F8 (Flyball, 8LD, EV 93.8 MPH)
Batting: RHB Terry McGriff 0-0: Foul Ball, location: 2F
0-1: Ball
1-1: Called Strike
1-2: Ball
2-2: Foul Ball, location: 2F
2-2: SINGLE (Line Drive, 89S, EV 106.9 MPH)
Willie Picchioni to third
Runner from 3rd tries for Home, SAFE, throw by CF to home
Terry McGriff to second
Batting: LHB David Nix 0-0: Ball
1-0: Called Strike
1-1: Ball
2-1: Fly out, F8 (Line Drive, 8RD, EV 90.6 MPH)
Batting: LHB Steve Padia 0-0: Ball
1-0: Called Strike
1-1: Swinging Strike
1-2: SINGLE (Groundball, 6MD, EV 102.5 MPH)
Terry McGriff to third
Runner from 3rd tries for Home, SAFE, throw by CF to home
Batting: LHB Russ Orrick 0-0: Called Strike
0-1: Swinging Strike
0-2: Strikes out swinging
Bottom of the 1st over - 2 runs, 2 hits, 0 errors, 1 left on base; Fargo 0 - Bozeman 2
TOP OF THE 2ND
Fargo Brewmasters batting - Pitching for Bozeman Pheasants : RHP Jim Gott
Batting: RHB Gus Polidor 0-0: Ground out 5-3 (Groundball, 56, EV 107.5 MPH)
Batting: RHB Juan Picart 0-0: Swinging Strike
0-1: Foul Ball, location: 2F
0-2: Foul Ball, location: 2F
0-2: Foul Ball, location: 2F
0-2: Ball
1-2: Ball
2-2: Ball
3-2: Fly out, F7 (Flyball, 7LM, EV 85.6 MPH)
Batting: LHB Nunzio Bartoli 0-0: Ball
1-0: Ball
2-0: Swinging Strike
2-1: Foul Ball, location: 2F
2-2: Strikes out looking
Top of the 2nd over - 0 runs, 0 hits, 0 errors, 0 left on base; Fargo 0 - Bozeman 2
BOTTOM OF THE 2ND
Bozeman Pheasants batting - Pitching for Fargo Brewmasters : RHP Carlos Zuniga
Batting: RHB Tom Duggan 0-0: Foul Ball, location: 2F
0-1: Foul Ball, location: 2F
0-2: Ball
1-2: SINGLE (Line Drive, 89S, EV 100.6 MPH)
Batting: RHB Greg Toler 0-0: Called Strike
0-1: SINGLE (Line Drive, 4D, EV 96.3 MPH)
Tom Duggan to second
Batting: RHB John Duncan 0-0: Grounds into double play, 6-4-3 (Groundball, 6, EV 82.5 MPH)
Tom Duggan to third
Batting: RHB Willie Picchioni 0-0: Ball
1-0: Foul Ball, location: 2F
1-1: Foul Ball, location: 2F
1-2: Foul Ball, location: 2F
1-2: Foul Ball, location: 2F
1-2: Ball
2-2: Foul Ball, location: 2F
2-2: Fly out, F8 (Flyball, 8RD, EV 104.4 MPH)
Bottom of the 2nd over - 0 runs, 2 hits, 0 errors, 1 left on base; Fargo 0 - Bozeman 2
TOP OF THE 3RD
Fargo Brewmasters batting - Pitching for Bozeman Pheasants : RHP Jim Gott
Batting: RHB Adolph Crump 0-0: Called Strike
0-1: Called Strike
0-2: Ball
1-2: Ball
2-2: Fly out, F8 (Flyball, 8LM, EV 80.0 MPH)
Batting: RHB Michael Watson 0-0: Ball
1-0: Called Strike
1-1: Ball
2-1: Foul Ball, location: 2F
2-2: Foul Ball, location: 2F
2-2: Ground out 5-3 (Groundball, 56S, EV 65.0 MPH)
Batting: SHB Angel Escobar 0-0: SINGLE (Groundball, 4M, EV 102.5 MPH) (infield hit)
Batting: LHB Victor Fernandez 0-0: Ball
1-0: Ball
2-0: Ball
3-0: Called Strike
3-1: Base on Balls
Angel Escobar to second
Batting: RHB Forace Oxendine 0-0: Ball
1-0: Ball
2-0: Ball
3-0: Called Strike
3-1: Swinging Strike
3-2: Foul Ball, location: 2F
3-2: Foul Ball, location: 2F
3-2: Strikes out swinging
Top of the 3rd over - 0 runs, 1 hit, 0 errors, 2 left on base; Fargo 0 - Bozeman 2
BOTTOM OF THE 3RD
Bozeman Pheasants batting - Pitching for Fargo Brewmasters : RHP Carlos Zuniga
Batting: LHB Billy Fink 0-0: Ball
1-0: Ball
2-0: Called Strike
2-1: Ball
3-1: Called Strike
3-2: SINGLE (Groundball, 5S, EV 68.8 MPH) (infield hit)
Batting: RHB Terry McGriff 0-0: Called Strike
0-1: Ball
1-1: Called Strike
1-2: Fly out, F8 (Flyball, 89D, EV 105.6 MPH)
Batting: LHB David Nix 0-0: Ball
1-0: Ball
2-0: Called Strike
2-1: SINGLE (Groundball, 5S, EV 68.1 MPH) (infield hit)
Billy Fink to second
Batting: LHB Steve Padia 0-0: Called Strike
0-1: SINGLE (Groundball, 6D, EV 104.4 MPH)
Billy Fink to third
David Nix to second
Runner from 3rd tries for Home, SAFE, throw by LF to home
Batting: LHB Russ Orrick 0-0: TRIPLE (Flyball, 78XD, EV 93.8 MPH)
David Nix scores
Steve Padia scores
Pitching: RHP Vinny Bedoya
Batting: RHB Tom Duggan 0-0: Swinging Strike
0-1: Ball
1-1: Fly out, F3 (Popup, 34, EV 61.3 MPH)
Batting: RHB Greg Toler 0-0: Ground out 6-3 (Groundball, 6, EV 85.0 MPH)
Bottom of the 3rd over - 3 runs, 4 hits, 0 errors, 1 left on base; Fargo 0 - Bozeman 5
TOP OF THE 4TH
Fargo Brewmasters batting - Pitching for Bozeman Pheasants : RHP Jim Gott
Batting: RHB Dick E Scott 0-0: Ball
1-0: Fly out, F7 (Line Drive, 7, EV 88.1 MPH)
Batting: RHB Gus Polidor 0-0: Foul Ball, location: 2F
0-1: Ball
1-1: Foul Ball, location: 2F
1-2: Foul Ball, location: 2F
1-2: Ball
2-2: Ground out 5-3 (Groundball, 56S, EV 86.9 MPH)
Batting: RHB Juan Picart 0-0: Called Strike
0-1: Ball
1-1: Foul Ball, location: 2F
1-2: Ball
2-2: SINGLE (Line Drive, 34, EV 103.1 MPH)
Batting: LHB Nunzio Bartoli 0-0: Ball
1-0: Foul Ball, location: 2F
1-1: Swinging Strike
1-2: Ball
2-2: Ball
Juan Picart steals 2nd base (no throw)
3-2: Foul Ball, location: 2F
3-2: Hit by Pitch
Batting: RHB Adolph Crump 0-0: Called Strike
0-1: Ball
1-1: Ball
2-1: Foul Ball, location: 2F
2-2: Ball
3-2: Base on Balls
Juan Picart to third
Nunzio Bartoli to second
Batting: RHB Michael Watson 0-0: Called Strike
0-1: Ball
1-1: Foul Ball, location: 2F
1-2: Fielders Choice at 2nd, 5-4 (Groundball, 56, EV 83.8 MPH)
Top of the 4th over - 0 runs, 1 hit, 0 errors, 3 left on base; Fargo 0 - Bozeman 5
BOTTOM OF THE 4TH
Bozeman Pheasants batting - Pitching for Fargo Brewmasters : RHP Vinny Bedoya
Batting: RHB John Duncan 0-0: Ground out 6-3 (Groundball, 6, EV 93.1 MPH)
Batting: RHB Willie Picchioni 0-0: Ground out 4-3 (Groundball, 4M, EV 85.6 MPH)
Batting: LHB Billy Fink 0-0: Ball
1-0: Ball
2-0: Called Strike
2-1: SOLO HOME RUN (Flyball, 9D, EV 96.9 MPH), Distance : 388 ft
Batting: RHB Terry McGriff 0-0: Ball
1-0: Called Strike
1-1: Swinging Strike
1-2: Foul Ball, location: 2F
1-2: Ground out 6-3 (Groundball, 6, EV 89.4 MPH)
Bottom of the 4th over - 1 run, 1 hit, 0 errors, 0 left on base; Fargo 0 - Bozeman 6
TOP OF THE 5TH
Fargo Brewmasters batting - Pitching for Bozeman Pheasants : RHP Jim Gott
Batting: SHB Angel Escobar 0-0: Foul Ball, location: 2F
0-1: Ball
1-1: Called Strike
1-2: Strikes out looking
Batting: LHB Victor Fernandez 0-0: Called Strike
0-1: Ball
1-1: Swinging Strike
1-2: Ball
2-2: Foul Ball, location: 2F
2-2: Ball
3-2: Foul Ball, location: 2F
3-2: Strikes out swinging
Batting: RHB Forace Oxendine 0-0: Called Strike
0-1: Swinging Strike
0-2: Ball
1-2: Fly out, F9 (Line Drive, 9, EV 91.9 MPH)
Top of the 5th over - 0 runs, 0 hits, 0 errors, 0 left on base; Fargo 0 - Bozeman 6
BOTTOM OF THE 5TH
Bozeman Pheasants batting - Pitching for Fargo Brewmasters : RHP Vinny Bedoya
Batting: LHB David Nix 0-0: Ground out U3 (Groundball, 34, EV 86.3 MPH)
Batting: LHB Steve Padia 0-0: Ball
1-0: Ball
2-0: Called Strike
2-1: Foul Ball, location: 2F
2-2: Ground out 3-1 (Groundball, 34, EV 100.0 MPH)
Batting: LHB Russ Orrick 0-0: Ball
1-0: Foul Ball, location: 2F
1-1: Ball
2-1: Foul Ball, location: 2F
2-2: Ball
3-2: Ground out 3-1 (Groundball, 34S, EV 80.6 MPH)
Bottom of the 5th over - 0 runs, 0 hits, 0 errors, 0 left on base; Fargo 0 - Bozeman 6
TOP OF THE 6TH
Fargo Brewmasters batting - Pitching for Bozeman Pheasants : RHP Jim Gott
Batting: RHB Dick E Scott 0-0: Called Strike
0-1: Called Strike
0-2: Foul Ball, location: 2F
0-2: Ball
1-2: Ball
2-2: Ground out 5-3 (Groundball, 56S, EV 85.6 MPH)
Batting: RHB Gus Polidor 0-0: Called Strike
0-1: Ball
1-1: Ball
2-1: Ball
3-1: Called Strike
3-2: Ground out U3 (Groundball, 34S, EV 82.5 MPH)
Batting: RHB Juan Picart 0-0: Swinging Strike
0-1: Fly out, F7 (Flyball, 7LS, EV 95.6 MPH)
Top of the 6th over - 0 runs, 0 hits, 0 errors, 0 left on base; Fargo 0 - Bozeman 6
BOTTOM OF THE 6TH
Bozeman Pheasants batting - Pitching for Fargo Brewmasters : RHP Vinny Bedoya
Batting: RHB Tom Duggan 0-0: Ball
1-0: Ball
2-0: Foul Ball, location: 2F
2-1: Foul Ball, location: 2F
2-2: Foul Ball, location: 2F
2-2: Fly out, F4 (Popup, 34D, EV 55.0 MPH)
Batting: RHB Greg Toler 0-0: Foul Ball, location: 2F
0-1: Called Strike
0-2: Ball
1-2: Reached on error, E8 (Flyball, 8RM, EV 90.0 MPH)
Pitching: LHP Michael Bradley
Batting: RHB John Duncan 0-0: Called Strike
0-1: Fly out, F8 (Flyball, 8RM, EV 80.0 MPH)
Batting: RHB Willie Picchioni 0-0: Ball
1-0: Ball
2-0: Ball
3-0: Base on Balls
Greg Toler to second
Batting: LHB Billy Fink 0-0: Called Strike
0-1: Ground out 4-3 (Groundball, 34, EV 82.5 MPH)
Bottom of the 6th over - 0 runs, 0 hits, 1 error, 2 left on base; Fargo 0 - Bozeman 6
TOP OF THE 7TH
Fargo Brewmasters batting - Pitching for Bozeman Pheasants : RHP Jim Gott
Batting: LHB Nunzio Bartoli 0-0: Ball
1-0: Called Strike
1-1: Ball
2-1: Foul Ball, location: 2F
2-2: Fly out, F5 (Popup, 5L, EV 58.8 MPH)
Batting: RHB Adolph Crump 0-0: Ball
1-0: Ball
2-0: Ball
3-0: Base on Balls
Batting: RHB Michael Watson 0-0: Fielders Choice at 2nd, 6-4 (Groundball, 56, EV 100.0 MPH)
Batting: SHB Angel Escobar 0-0: Called Strike
0-1: Swinging Strike
0-2: Foul Ball, location: 2F
0-2: Ball
1-2: Foul Ball, location: 2F
1-2: Fly out, F9 (Line Drive, 9, EV 90.6 MPH)
Top of the 7th over - 0 runs, 0 hits, 0 errors, 1 left on base; Fargo 0 - Bozeman 6
BOTTOM OF THE 7TH
Bozeman Pheasants batting - Pitching for Fargo Brewmasters : LHP Michael Bradley
Batting: RHB Terry McGriff 0-0: Ball
1-0: Swinging Strike
1-1: Foul Ball, location: 2F
1-2: Foul Ball, location: 2F
1-2: Ground out 6-3 (Groundball, 56, EV 83.8 MPH)
Batting: LHB David Nix 0-0: Called Strike
0-1: Swinging Strike
0-2: Foul Ball, location: 2F
0-2: Strikes out swinging
Batting: LHB Steve Padia 0-0: Called Strike
0-1: Ball
1-1: Reached on error, E5 (Groundball, 56, EV 81.3 MPH)
Batting: LHB Russ Orrick 0-0: Fly out, F8 (Flyball, 8RXD, EV 104.4 MPH)
Bottom of the 7th over - 0 runs, 0 hits, 1 error, 1 left on base; Fargo 0 - Bozeman 6
TOP OF THE 8TH
Fargo Brewmasters batting - Pitching for Bozeman Pheasants : RHP Jim Gott
Batting: LHB Victor Fernandez 0-0: Ball
1-0: Foul Ball, location: 2F
1-1: Fly out, F8 (Flyball, 89S, EV 82.5 MPH)
Batting: RHB Forace Oxendine 0-0: Ball
1-0: Called Strike
1-1: Fly out, F9 (Flyball, 9S, EV 80.0 MPH)
Batting: RHB Dick E Scott 0-0: Called Strike
0-1: Ball
1-1: Ball
2-1: Ball
3-1: Foul Ball, location: 2F
3-2: Foul Ball, location: 2F
3-2: Foul Ball, location: 2F
3-2: SINGLE (Groundball, 4MD, EV 95.6 MPH)
Batting: RHB Gus Polidor 0-0: Called Strike
0-1: Foul Ball, location: 2F
0-2: SINGLE (Groundball, 25, EV 64.4 MPH) (infield hit)
Dick E Scott to second
Pitching: RHP Dennis Howard
Batting: RHB Juan Picart 0-0: Called Strike
0-1: Swinging Strike
0-2: Ball
1-2: Ball
2-2: Ground out 4-3 (Groundball, 4, EV 90.0 MPH)
Top of the 8th over - 0 runs, 2 hits, 0 errors, 2 left on base; Fargo 0 - Bozeman 6
BOTTOM OF THE 8TH
Bozeman Pheasants batting - Pitching for Fargo Brewmasters : LHP Michael Bradley
Pitching: RHP Dennis Miller
Batting: RHB Tom Duggan 0-0: Called Strike
0-1: Swinging Strike
0-2: Strikes out swinging
Batting: RHB Greg Toler 0-0: Foul Ball, location: 2F
0-1: Called Strike
0-2: Ball
1-2: Ball
2-2: Fly out, F8 (Flyball, 8LD, EV 105.0 MPH)
Batting: RHB John Duncan 0-0: Called Strike
0-1: Fly out, F9 (Flyball, 9S, EV 97.5 MPH)
Bottom of the 8th over - 0 runs, 0 hits, 0 errors, 0 left on base; Fargo 0 - Bozeman 6
TOP OF THE 9TH
Fargo Brewmasters batting - Pitching for Bozeman Pheasants : RHP Dennis Howard
Batting: LHB Nunzio Bartoli 0-0: Called Strike
0-1: SOLO HOME RUN (Flyball, 8RXD, EV 110.6 MPH), Distance : 456 ft
Batting: RHB Adolph Crump 0-0: Ball
1-0: Ground out 5-3 (Groundball, 56, EV 95.6 MPH)
Batting: RHB Michael Watson 0-0: Ball
1-0: Ground out 6-3 (Groundball, 6S, EV 86.9 MPH)
Batting: SHB Angel Escobar 0-0: Ball
1-0: Ball
2-0: SINGLE (Line Drive, 78M, EV 91.9 MPH)
Batting: LHB Victor Fernandez 0-0: Ball
1-0: Called Strike
1-1: Fly out, F8 (Flyball, 78S, EV 87.5 MPH)
Top of the 9th over - 1 run, 2 hits, 0 errors, 1 left on base; Fargo 1 - Bozeman 6
Wednesday, August 12th, 2020 - OOTP Baseball 21.5 Build 76